 Dungeon Sprint DCSS version 0.19-a0-1932-g59670f6 (webtiles) character file.

60 poirepourri the Sneak (level 3, -4/17 HPs)
             Began as a Spriggan Enchanter on Oct 25, 2016.
             Slain by a wizard
             ... wielding a +0 dagger
              (5 damage)
             ... while paralysed by a wizard
             ... in the Dungeon (Sprint III: "The Ten Rune Challenge").
             The game lasted 00:01:31 (555 turns).

poirepourri the Sneak (Spriggan Enchanter)           Turns: 555, Time: 00:01:32

Health: -4/17      AC:  4    Str:  4    XL:     3   Next: 82%
Magic:  10/10      EV:  4    Int: 16    God:
Gold:   44         SH:  0    Dex: 17    Spells: 4 memorised, 2 levels left

rFire  . . .     SeeInvis +     a - +1 dagger
rCold  . . .     Gourm    .     b - +1 robe
rNeg   . . .     Faith    .     (shield restricted)
rPois  .         Spirit   .     (helmet restricted)
rElec  .         Reflect  .     i - +0 cloak
rCorr  .         Harm     .     (gloves unavailable)
MR     .....     NoTele   +     (boots unavailable)
Stlth  ++++......               (no amulet)
                                (no ring)
                                (no ring)

@: paralysed, very quick
A: unfitting armour, see invisible, herbivore 3, speed 3, slow metabolism 2
a: no special abilities


You were in the Dungeon.
You were not hungry.

You visited 1 branch You collected 44 gold pieces.

Inventory:

Hand Weapons
 a - a +1 dagger (weapon)
Armour
 b - a +1 robe (worn)
 i - a +0 cloak (worn)
Scrolls
 j - a scroll of blinking
 l - a scroll of holy word {unknown}
 m - 4 scrolls of identify
 p - a scroll of torment {unknown}
 q - a scroll of remove curse {unknown}
Potions
 e - 3 potions of curing
 f - a potion of heal wounds
 g - a potion of haste
 h - 2 potions of magic
 k - 2 potions of mutation {unknown}
 o - 2 potions of might {unknown}
 r - a potion of cure mutation {unknown}
 s - a potion of flight {unknown}
Books
 c - a book of Maledictions

   Spells                             Type                      Level
   a - Corona                         Hexes                        1
   b - Ensorcelled Hibernation        Hexes/Ice                    2
   c - Confuse                        Hexes                        3
   d - Tukima's Dance                 Hexes                        3
   e - Dazzling Spray                 Conjuration/Hexes            3
Comestibles
 d - 2 bread rations
 n - 3 royal jellies


   Skills:
 + Level 0.4 Fighting
 + Level 2.1 Short Blades
 + Level 4.0 Dodging
 + Level 7.6 Stealth
 + Level 4.5 Spellcasting
 + Level 6.4 Hexes
 + Level 0.8 Ice Magic


You had 2 spell levels left.
You knew the following spells:

 Your Spells              Type           Power        Failure   Level  Hunger
a - Corona                Hex            ###....      1%          1    None
b - Ensorcelled Hibernat  Hex/Ice        ###...       8%          2    ##.....
c - Confuse               Hex            ###.....     3%          3    ###....
d - Tukima's Dance        Hex            ###.....     3%          3    ###....


Dungeon Overview and Level Annotations

Branches:
Dungeon (1/1)

Altars:
Kikubaaqudgha
Sif Muna
Vehumet


Innate Abilities, Weirdness & Mutations

You are very small and have problems with some larger weapons.
You are too small for most types of armour.
You have supernaturally acute eyesight. (SInv)
You are a herbivore.
You cover ground extremely quickly.
You need consume almost no food.


Message History

Found a radiant altar of Vehumet.
You hit the water elemental but do no damage.
Unknown command.
A wizard comes into view. It is wielding a dagger.
The water elemental closely misses you.
Found a papyrus book.
Found a deep blue altar of Sif Muna and an ancient bone altar of Kikubaaqudgha.
A kobold demonologist comes into view. It is wielding a dagger.
The kobold demonologist shouts!
The wizard shouts!
Found a paperback book.
There is an open door here.
The wizard points at you and mumbles some strange words.
You suddenly lose the ability to move!
The kobold demonologist hits you but does no damage.
The wizard hits you with a dagger.
* * * LOW HITPOINT WARNING * * *
The water elemental completely misses you.
The kobold demonologist hits you but does no damage.
The wizard hits you with a dagger.
You die...

####......♣ ♣..#
...#....≈♣♣♣♣..###+#+###
...#...≈≈♣♣....#........
...#..≈≈≈≈♣.♣..'.⌠......
##'#..≈≈≈≈≈≈♣♣.#...####
÷..#.≈≈≈≈≈≈....#.⌠.#
...#.≈≈≈≈≈.....#...#
...#.≈≈≈.......#E###
####...........#@p:#
..)......÷.....#_K_#
▓▓▓▓▓▓▓▓▓▓▓▓▓▓▓▓▓▓▓▓


You could see a water elemental, a wizard and a kobold demonologist.

Vanquished Creatures
  Crazy Yiuf (D)
  A human (D)
  2 oozes (D)
  2 rats (D)
6 creatures vanquished.

Vanquished Creatures (others)
  2 draconian scorchers (D)
  6 hellions (D)
  A yaktaur (D)
9 creatures vanquished.

Grand Total: 15 creatures vanquished

Notes
Turn   | Place    | Note
-------+----------+-------------------------------------------
     0 | D        | poirepourri the Spriggan Enchanter began the quest for the Orb.
     0 | D        | Reached XP level 1. HP: 9/9 MP: 5/5
     4 | D        | Reached skill level 5 in Stealth
     7 | D        | Reached skill level 5 in Hexes
     7 | D        | Reached XP level 2. HP: 13/13 MP: 5/7
    11 | D        | Learned a level 2 spell: Ensorcelled Hibernation
    67 | D        | Killed a hellion
    95 | D        | Reached skill level 6 in Stealth
    95 | D        | Reached XP level 3. HP: 7/16 MP: 3/9
   125 | D        | Killed a yaktaur
   127 | D        | Killed a hellion
   178 | D        | Learned a level 3 spell: Confuse
   181 | D        | Killed a white draconian scorcher
   182 | D        | Learned a level 3 spell: Tukima's Dance
   193 | D        | Killed a hellion
   194 | D        | Killed a hellion
   257 | D        | Noticed Crazy Yiuf
   257 | D        | Killed a hellion
   257 | D        | Killed a hellion
   271 | D        | Killed a white draconian scorcher
   311 | D        | Killed Crazy Yiuf
   311 | D        | Reached skill level 7 in Stealth
   543 | D        | Noticed a water elemental
   549 | D        | Found a radiant altar of Vehumet.
   551 | D        | Found a deep blue altar of Sif Muna.
   551 | D        | Found an ancient bone altar of Kikubaaqudgha.
   551 | D        | Noticed a wizard
   553 | D        | Paralysed by a wizard for 5 turns
   555 | D        | Slain by a wizard

Vault maps used:
D:        dungeon_sprint_mu

Skill      XL: |  1  2  3 |
---------------+----------+-----
Stealth        | 5 6 7 |  7.6
Spellcasting   | 3 4 |  4.5
Hexes          | 5 6 |  6.4
Short Blades   | 2 |  2.1
Dodging        | 4 |  4.0
Fighting       | |  0.4
Ice Magic      | |  0.8

Action                   || total
-------------------------++-------
Melee: Dagger            ||    14
 Cast: Ensorcelled Hiber ||     9
  Use: Potion            ||     1
 Stab: Sleeping          ||     6
Armor: Robe              ||     1
Dodge: Dodged            ||     7
